 Dungeon Crawl Stone Soup version 0.28.0-53-g5a82cb258f (webtiles) character file.

Game seed: 9444583187139298081

13778 Ashen the Fighter (level 12, -6/120 (122) HPs)
             Began as an Ogre Ice Elementalist on June 20, 2022.
             Was a Priest of Vehumet.
             Mangled by a cyan very ugly thing (26 damage)
             ... on level 2 of the Abyss.
             The game lasted 00:34:34 (13497 turns).

Ashen the Fighter (Ogre Ice Elementalist)          Turns: 13497, Time: 00:34:37

HP:   -6/120 (122)  AC: 15    Str: 15    XL:     12   Next: 9%
MP:   22/24         EV: 10    Int: 20    God:    Vehumet [***...]
Gold: 459           SH:  7    Dex:  9    Spells: 10/27 levels left

rFire   . . .      SeeInvis +   r - +0 whip (elec)
rCold   + . .      Faith    .   E - +0 kite shield
rNeg    + . .      Spirit   .   c - +2 robe "Uniedwuh" {rF+ rN+ SInv}
rPois   +          Reflect  .   (helmet restricted)
rElec   .          Harm     .   A - +0 cloak
rCorr   .          Rampage  .   (gloves unavailable)
Will    +....                   (boots unavailable)
Stlth   +++.......              y - amulet of regeneration
HPRegen 1.10/turn               h - ring of ice
MPRegen 0.19/turn               o - ring of poison resistance

@: ice-armoured, about to teleport, lightly drained
A: large, unfitting armour, tough skin 1
a: Renounce Religion


You were on level 2 of the Abyss.
You worshipped Vehumet.
Vehumet was most pleased with you.
You visited 2 branches of the dungeon, and saw 12 of its levels.
You visited the Abyss 1 time.

You collected 569 gold pieces.
You spent 110 gold pieces at shops.

Inventory:

Hand Weapons
 r - a +0 whip of electrocution (weapon)
 t - a +4 vorpal giant spiked club
 B - a +0 eveningstar
Missiles
 D - a throwing net
Armour
 c - the +2 robe "Uniedwuh" (worn) {rF+ rN+ SInv}
   (You found it on level 5 of the Dungeon)

   rF:        It protects you from fire.
   rN:        It protects you from negative energy.
   SInv:      It lets you see invisible.
 e - +0 acid dragon scales
 A - a +0 cloak (worn)
 E - a +0 kite shield (worn)
Magical Staves
 z - a staff of cold
Jewellery
 a - a ring of protection from fire
 b - an amulet of magic regeneration
 h - a ring of ice (left hand)
 o - a ring of poison resistance (right hand)
 y - an amulet of regeneration (around neck)
 G - a ring of protection from cold
Wands
 l - a wand of digging (5)
 w - a wand of iceblast (29)
 F - a wand of acid (4)
 H - a wand of flame (13)
Scrolls
 f - a scroll of noise
 i - a scroll of fog
 k - a scroll of teleportation
 p - a scroll of amnesia
 v - 2 scrolls of fear
 C - 2 scrolls of blinking
 I - a scroll of identify
Potions
 d - 4 potions of curing
 g - 2 potions of lignification
 j - 2 potions of haste
 m - a potion of berserk rage
 n - a potion of heal wounds
 q - 3 potions of attraction
 s - a potion of ambrosia
 u - a potion of flight {unknown}
 x - a potion of brilliance {unknown}
 J - a potion of cancellation {unknown}


   Skills:
 + Level 8.6 Fighting
 + Level 7.0 Maces & Flails
 + Level 7.0 Dodging
 - Level 5.0 Stealth
 + Level 3.2 Shields
 + Level 8.4 Spellcasting
 + Level 7.0 Conjurations
 + Level 7.1 Ice Magic
 + Level 2.1 Air Magic


You had 10 spell levels left.
You knew the following spells:

 Your Spells              Type           Power      Damage    Failure   Level
a - Freeze                Ice            100%       1d11      1%          1
b - Frozen Ramparts       Ice            100%       1d12      1%          3
c - Ozocubu's Armour      Ice            53%        N/A       3%          3
d - Hailstorm             Conj/Ice       53%        3d12      3%          4
e - Static Discharge      Conj/Air       26%        N/A       1%          2
f - Airstrike             Air            8%         N/A       21%         4

Your spell library contained the following spells:

 Spells                   Type           Power      Damage    Failure   Level
 Confusing Touch          Hex            8%         N/A       50%         3
 Yara's Violent Unravell  Hex/Tmut       4%         3d4       75%         5
 Ozocubu's Refrigeration  Ice            26%        4d10      88%         7
 Enfeeble                 Hex            4%         N/A       100%        7


Dungeon Overview and Level Annotations

Branches:
Dungeon (11/15)            Temple (1/1) D:4            Lair (0/6) D:8
    Orc: D:9-12

Altars:
Ashenzari
Cheibriados
Dithmenos
Elyvilon
Fedhas
Gozag
Hepliaklqana
Kikubaaqudgha
Makhleb
Nemelex Xobeh
Okawaru
Qazlal
Ru
Sif Muna
Trog
Uskayaw
Vehumet
Wu Jian
Xom
Yredelemnul
Zin
The Shining One

Shops:
D:10 *

Annotations:
D:3 Sigmund
D:8 Maurice
D:9 Joseph
D:10 exclusion: orange crystal statue
D:11 Erolcha


Innate Abilities, Weirdness & Mutations

You are too large for most types of armour.
You have tough skin. (AC +1)


Message History

An ufetubus comes into view.
A hellwing comes into view.
A cyan very ugly thing comes into view.
The cyan very ugly thing gurgles horribly!
You hear a horrible gurgling sound!
As you read the scroll of teleportation, it crumbles to dust.
You feel strangely unstable.
You feel the power of the Abyss delaying your translocation!
An eidolon comes into view.
The cyan very ugly thing barely misses you.
The cyan very ugly thing engulfs you!! The cyan very ugly thing shocks you!!
The eidolon gives a chilling moan.
The eidolon stares piercingly at you. The bolt of negative energy hits you!
You partially resist.
You feel drained.
A large abomination comes into view.
The cyan very ugly thing engulfs you but does no damage.
Casting: Ozocubu's Armour (mildly dangerous; 3% risk of failure)
Confirm with . or Enter, or press ? or * to list all spells.
You feel a surge of power! A film of ice covers your body!
The cyan very ugly thing barely misses you.
You hit the cyan very ugly thing.
The cyan very ugly thing is lightly wounded.
The cyan very ugly thing engulfs you but does no damage.
You hit the cyan very ugly thing.
The cyan very ugly thing is lightly wounded.
The cyan very ugly thing closely misses you.
You hit the cyan very ugly thing but do no damage.
The cyan very ugly thing is lightly wounded.
The cyan very ugly thing engulfs you. The cyan very ugly thing shocks you!!
You closely miss the cyan very ugly thing.
The cyan very ugly thing is lightly wounded.
The cyan very ugly thing barely misses you.
You hit the cyan very ugly thing but do no damage.
The cyan very ugly thing is lightly wounded.
The large abomination hits you!!
* * * LOW HITPOINT WARNING * * *
The cyan very ugly thing engulfs you.
* * * LOW HITPOINT WARNING * * *
The cyan very ugly thing shocks you!!
You die...

# . .. . # # . # ..
.# ### . #.#. # #
..## ..#.#.#§ #
#..# # #..#.##..W##
....#.#..#....####
..# .... ...#.#@# .
.. ..#.#..#uX# .
#.......#..#..##..#
.## .#§
...#..##.#..#
###.§.#.#...#.
####.# ..# .#
##≈..## ## ##.§##
...# . .# ......#..
.#.###.


You could see a cyan very ugly thing and a large abomination.

Vanquished Creatures
  Josephine (D:11)
  3 two-headed ogres
  3 death yaks
  Pikel (D:4)
  2 kobold demonologists
  A troll (D:11)
  Grinder (D:6)
  A hornet (D:9)
  4 yaks (D:8)
  A wyvern (D:9)
  A shadow (D:10)
  4 wraiths (D:11)
  A steam dragon (D:8)
  3 vampire mosquitoes (D:11)
  2 acid dragons (D:11)
  2 orc warriors
  A black bear (D:5)
  3 sky beasts
  2 ice beasts
  11 centaurs
  2 necrophages (D:5)
  4 ogres (D:6)
  2 phantoms
  21 kobold brigands (D:10)
  3 bullfrogs
  Blork the orc (D:5)
  A gnoll sergeant (D:9)
  4 scorpions
  A wyvern skeleton (D:7)
  A water moccasin skeleton (D:6)
  3 killer bees (D:10)
  An electric eel (D:8)
  2 centaur zombies
  A bullfrog zombie (D:7)
  A hound (D:4)
  2 bullfrog skeletons
  A jelly (D:6)
  3 centaur skeletons
  A gnoll shaman (D:9)
  4 orc priests
  Crazy Yiuf (D:7)
  Ijyb (D:3)
  An iguana (D:7)
  10 orc wizards
  3 howler monkey zombies
  12 gnolls
  4 adders
  4 white imps
  An ufetubus (D:4)
  2 worms
  2 dart slugs
  29 orcs
  8 ball pythons
  5 bats
  5 endoplasms
  2 giant cockroaches
  8 goblins
  4 hobgoblins
  14 kobolds
  3 quokkas
  3 frilled lizards
  4 rats
233 creatures vanquished.

Vanquished Creatures (others)
  3 fungi (D:6)
  9 plants
12 creatures vanquished.

Grand Total: 245 creatures vanquished

Notes
Turn   | Place    | Note
-------+----------+-------------------------------------------
     0 | D:1      | Ashen the Ogre Ice Elementalist began the quest for the
                  | Orb.
     0 | D:1      | Reached XP level 1. HP: 16/16 MP: 3/3
   117 | D:1      | Reached XP level 2. HP: 26/26 MP: 2/5
   188 | D:1      | Reached skill level 1 in Fighting
   456 | D:1      | Reached XP level 3. HP: 32/33 MP: 5/7
   933 | D:2      | Learned a level 3 spell: Frozen Ramparts
   937 | D:2      | Learned a level 3 spell: Ozocubu's Armour
  1583 | D:2      | Found a faded altar of an unknown god.
  1873 | D:3      | Noticed Sigmund
  2132 | D:3      | Reached XP level 4. HP: 41/41 MP: 6/8
  2277 | D:3      | Noticed Ijyb
  2294 | D:3      | Killed Ijyb
  2295 | D:3      | Reached skill level 1 in Maces & Flails
  2704 | D:4      | Reached XP level 5. HP: 48/49 MP: 4/9
  3105 | D:4      | Noticed a necrophage
  3694 | D:4      | Noticed Pikel
  3694 | D:4      | Noticed a lemure
  3694 | D:4      | Noticed a lemure
  3695 | D:4      | Noticed a lemure
  3716 | D:4      | Noticed a lemure
  3722 | D:4      | Killed Pikel
  3723 | D:4      | Reached XP level 6. HP: 62/62 MP: 0/12
  3723 | D:4      | Reached XP level 7. HP: 68/68 MP: 0/13
  3841 | D:4      | Found a staircase to the Ecumenical Temple.
  3847 | Temple   | Entered the Ecumenical Temple
  3954 | Temple   | Became a worshipper of Vehumet
  3996 | D:4      | Learned a level 4 spell: Hailstorm
  4307 | D:5      | Entered Level 5 of the Dungeon
  4377 | D:5      | Reached skill level 1 in Conjurations
  4377 | D:5      | Reached skill level 5 in Ice Magic
  4377 | D:5      | Reached XP level 8. HP: 68/78 MP: 9/14
  4475 | D:5      | Found a broken altar of Ashenzari.
  4562 | D:5      | Found a shadowy altar of Dithmenos.
  4633 | D:5      | Identified the +2 robe "Uniedwuh" {rF+ rN+ SInv}
  4713 | D:5      | Noticed Blork the orc
  4722 | D:5      | Killed Blork the orc
  5361 | D:6      | Found a blossoming altar of Fedhas.
  5375 | D:6      | Reached skill level 5 in Fighting
  5511 | D:6      | Reached skill level 5 in Spellcasting
  5885 | D:6      | Found a blossoming altar of Fedhas.
  6006 | D:6      | Noticed Grinder
  6196 | D:6      | Reached XP level 9. HP: 68/88 MP: 12/17
  6317 | D:6      | Reached * piety under Vehumet
  6317 | D:6      | Offered knowledge of Sandblast by Vehumet.
  6424 | D:6      | Paralysed by Grinder for 2 turns
  6444 | D:6      | Killed Grinder
  7108 | D:6      | Reached skill level 5 in Dodging
  7442 | D:7      | Found an ornate altar of the Wu Jian Council.
  7585 | D:7      | Noticed a cyclops
  7899 | D:7      | Found a runed translucent door.
  7900 | D:7      | Noticed Crazy Yiuf
  7941 | D:7      | Reached skill level 5 in Maces & Flails
  7994 | D:7      | Reached skill level 5 in Stealth
  8032 | D:7      | Offered knowledge of Searing Ray by Vehumet.
  8057 | D:7      | Reached ** piety under Vehumet
  8517 | D:8      | Reached skill level 5 in Conjurations
  8762 | D:8      | Noticed a death yak
  8783 | D:8      | Killed a death yak
  8784 | D:8      | Reached XP level 10. HP: 49/98 MP: 5/19
  9365 | D:8      | Found a staircase to the Lair.
  9371 | D:8      | Noticed a death yak
  9372 | D:8      | Noticed a death yak
  9421 | D:7      | Killed a death yak
  9705 | D:7      | Found a burning altar of Makhleb.
  9920 | D:7      | Killed Crazy Yiuf
 10120 | D:8      | Killed a death yak
 10555 | D:8      | Identified the +5 great sword of Zuown {antimagic, Str-5
                  | Int+4 Dex+7 SInv}
 10611 | D:8      | Noticed Maurice
 10911 | D:9      | Noticed Joseph
 10974 | D:9      | Noticed a two-headed ogre
 11204 | D:9      | Killed a two-headed ogre
 11205 | D:9      | Reached XP level 11. HP: 63/109 MP: 11/22
 11326 | D:9      | Reached skill level 1 in Shields
 11610 | D:9      | Offered knowledge of Static Discharge by Vehumet.
 11615 | D:9      | Learned a level 2 spell: Static Discharge
 11642 | D:9      | Found a glowing silver altar of Zin.
 11839 | D:10     | Entered Level 10 of the Dungeon
 11844 | D:10     | Found Qaosm's General Store.
 11863 | D:10     | Bought a scroll of fog for 26 gold pieces
 11863 | D:10     | Bought a potion of curing for 39 gold pieces
 11863 | D:10     | Bought a scroll of fear for 45 gold pieces
 12092 | D:10     | Reached *** piety under Vehumet
 12136 | D:10     | Offered knowledge of Airstrike by Vehumet.
 12142 | D:10     | Learned a level 4 spell: Airstrike
 12362 | D:10     | Noticed an orange crystal statue
 13012 | D:11     | Noticed a two-headed ogre
 13025 | D:11     | Killed a two-headed ogre
 13026 | D:11     | Reached skill level 1 in Air Magic
 13049 | D:11     | Noticed a two-headed ogre
 13061 | D:11     | Killed a two-headed ogre
 13116 | D:11     | Noticed Erolcha
 13207 | D:11     | Noticed Josephine
 13222 | D:11     | Killed Josephine
 13223 | D:11     | Reached XP level 12. HP: 112/122 MP: 21/24
 13380 | D:11     | Cast into level 2 of the Abyss (Erolcha)
 13380 | Abyss:2  | Found a corrupted altar of Lugonu.
 13401 | Abyss:2  | Noticed a thrashing horror
 13475 | Abyss:2  | Noticed a cyan very ugly thing
 13485 | Abyss:2  | Noticed an eidolon
 13497 | Abyss:2  | Mangled by a cyan very ugly thing

Illustrated notes

Levels and vault maps discovered:
D:1:      sevenhm_arrival_forest_fort_small_6, layout_rooms, serial_glass,
          glass_columns_c, glass_columns_a, dk_noncrumbling_3
D:2:      minmay_alternating_diamond, layout_loops_cross, basic_ecumenical_altar
D:3:      layout_basic, goddamned_bats, uniq_ijyb, uniq_sigmund
D:4:      layout_cave_pods, minmay_temple_entry_overgrown, serial_column_ruins,
          column_ruins_hut_pillars, column_ruins_corridor_corner,
          column_ruins_columns_dead_end, column_ruins_columns_dead_end,
          column_ruins_grid_1, column_ruins_open_medium,
          column_ruins_columns_dead_end, column_ruins_grid_4, bh_walls_and_bars,
          uniq_pikel
D:5:      layout_rooms, jmf_multi_god_temple, uniq_blork_the_orc
D:6:      layout_cave_pods, fedhas_altar_3, minivault_25, serial_bayou_pond_d,
          kennysheep_flooded_box, minmay_door_square, minmay_misc_feat_pillars,
          uniq_grinder
D:7:      layout_basic, hangedman_feature_mirror, nicolae_fountain_basement,
          uniq_crazy_yiuf_cottage
D:8:      layout_layer_cave, dpeg_lair_monsters, serial_bayou_lagoon_a,
          uniq_maurice
D:9:      layout_small_grid, marbit_many_paths, kennysheep_generic_room_4,
          uniq_joseph
D:10:     layout_loops_ring, serial_shops, nicolae_lakefront_shop, special_room
          [special_room_kobold], enter_bailey_2, minmay_protected_statue
D:11:     layout_rooms, gauntlet_entry_generic, uniq_josephine, uniq_erolcha
Temple:   compressed_dpeg_circular_temple
Abyss:2:  base: D:8, hangedman_stitches_earthworm, hangedman_eye_storm

Skill      XL: |  1  2  3  4  5  6  7  8  9 10 11 12 |
---------------+-------------------------------------+-----
Fighting       | 1 2 3 4 5 7 8 |  8.6
Dodging        | 2 3 4 5 6 7 |  7.0
Maces & Flails | 1 2 3 5 6 7 |  7.0
Stealth        | 2 3 4 5 |  5.0
Spellcasting   | 3 4 5 6 7 8 |  8.4
Ice Magic      | 4 5 6 7 |  7.1
Conjurations   | 1 2 5 6 7 |  7.0
Shields        | 3 |  3.2
Air Magic      | 1 2 |  2.1

Action                   |  1- 3 |  4- 6 |  7- 9 | 10-12 || total
-------------------------+-------+-------+-------+-------++-------
Melee: Unarmed           |     1 |       |       |       ||     1
       Whip              |    36 |    15 |   311 |   239 ||   601
       Punch             |       |       |     5 |       ||     5
 Cast: Freeze            |    57 |    23 |    56 |    73 ||   209
       Frozen Ramparts   |       |     3 |    14 |    30 ||    47
       Ozocubu's Armour  |       |     2 |    16 |    21 ||    39
       Hailstorm         |       |       |     1 |       ||     1
  Use: Scroll            |       |       |    13 |     9 ||    22
 Stab: Sleeping          |       |       |     2 |     5 ||     7
Armor: Robe              |    25 |     7 |   121 |   148 ||   301
Dodge: Dodged            |    48 |    22 |   163 |   162 ||   395
Block: Kite shield       |       |       |       |    92 ||    92
